 Dungeon Crawl Stone Soup version 0.27.1-35-g4d5d836560 (console) character file.

Game seed: 3372170413725425330

1266 grimtooth the Cudgeller (level 8, 0/68 HPs)
             Began as a Palentonga Abyssal Knight on June 5, 2022.
             Was a Priest of Lugonu.
             Slain by an ogre (24 damage)
             ... on level 6 of the Dungeon.
             The game lasted 00:27:29 (5347 turns).

grimtooth the Cudgeller (Palentonga Abyssal Knight) Turns: 5347, Time: 00:27:30

Health: 0/68       AC: 19    Str: 16    XL:     8   Next: 27%
Magic:  12/12      EV:  8    Int: 15    God:    Lugonu [***...]
Gold:   156        SH:  0    Dex:  9    Spells: 7/7 levels left

rFire    . . .     SeeInvis +   a - +1 flail (protect)
rCold    . . .     Faith    .   (no shield)
rNeg     . . .     Spirit   .   i - +0 ring mail
rPois    .         Reflect  .   (no helmet)
rElec    .         Harm     .   (no cloak)
rCorr    .         Rampage  .   (no gloves)
Will     .....                  (no barding)
Stlth    ..........             (no amulet)
HPRegen  0.21/turn              (no ring)
MPRegen  0.13/turn              (no ring)

@: under a protective aura, curled up
A: large, rugged brown scales 3, see invisible, deformed body, roll 1, armoured
tail, reflexive curl
a: Rolling Charge, Renounce Religion, Depart the Abyss, Bend Space, Banish


You were on level 6 of the Dungeon.
You worshipped Lugonu.
Lugonu was most pleased with you.
You visited 1 branch of the dungeon, and saw 6 of its levels.
You visited the Abyss 1 time.

You collected 232 gold pieces.
You spent 76 gold pieces at shops.

Inventory:

Hand Weapons
 a - a +1 flail of protection (weapon)
 p - a +1 mace
 G - a +2 whip of draining
Missiles
 e - 8 boomerangs
 t - 2 javelins
 v - 16 poisoned darts (quivered)
 B - 6 curare-tipped darts
 F - a throwing net {=f}
Armour
 b - a +0 leather armour
 i - a +0 ring mail (worn)
Wands
 q - a wand of mindburst (14)
 D - a wand of digging (6)
 H - a wand of flame (14)
Scrolls
 d - a scroll of acquirement {unknown}
 f - 3 scrolls of noise {unknown}
 k - a scroll of summoning {unknown}
 l - 4 scrolls of teleportation {unknown}
 m - 3 scrolls of vulnerability {unknown}
 n - a scroll of immolation {unknown}
 s - a scroll of torment {unknown}
 y - 3 scrolls of fog {unknown}
 z - a scroll of amnesia {unknown}
 C - a scroll of magic mapping {unknown}
 I - a scroll of enchant armour {unknown}
Potions
 c - 3 potions of ambrosia
 g - a potion of attraction {unknown}
 h - a potion of magic {unknown}
 j - a potion of heal wounds {unknown}
 o - 2 potions of cancellation
 r - a potion of lignification {unknown}
 u - 2 potions of mutation {unknown}
 w - a potion of haste
 x - 4 potions of curing
 A - a potion of might
 E - a potion of brilliance {unknown}


   Skills:
 - Level 6.0 Fighting
 + Level 7.4 Maces & Flails
 - Level 1.5 Armour
 - Level 0.7 Dodging
 + Level 5.4 Invocations


You had 7 spell levels left.
You didn't know any spells.
Your spell library contained the following spells:

 Spells                   Type           Power      Damage    Failure   Level
 Beastly Appendage        Tmut           0%         N/A       45%         1
 Wereblood                Tmut           0%         N/A       58%         2
 Spider Form              Tmut/Pois      0%         N/A       83%         3


Dungeon Overview and Level Annotations

Branches:
Dungeon (6/15)
 Temple: D:4-7

Altars:
Hepliaklqana
Makhleb
Ru

Shops:
D:5 *


Innate Abilities, Weirdness & Mutations

You are completely covered in rugged brown scales. (AC +3, +7% HP)
You have supernaturally acute eyesight. (SInv)
Armour fits poorly on your strangely shaped body.
You can roll at nearby foes to attack.
You have a long armoured tail.
You curl defensively after being hit.


Message History

You hit the howler monkey.
Your weapon exudes an aura of protection.
You kill the howler monkey!
Lugonu accepts your kill. Space bends around you!
You blink.
Things that are here:
a +0 dagger; a +0 robe
Things that are here:
a +0 short sword; a +3 whip; an orc corpse Throw: 18 darts (poison)
Press: ? - help, Q - select action, (/) - cycle Shift-Dir - straight line, f - ogre
Aim: an ogre, wielding a +0 giant spiked club (73% to hit)
You throw a poisoned dart. The poisoned dart hits the ogre.
The ogre is poisoned.
Throw: 17 darts (poison)
Press: ? - help, Q - select action, (/) - cycle Shift-Dir - straight line, f/p - ogre
Aim: an ogre, wielding a +0 giant spiked club (lightly wounded, poisoned, 73% to hit)
You throw a poisoned dart. The poisoned dart hits the ogre.
The ogre looks even sicker.
The ogre is lightly wounded.
Press: ? - help, v - describe, . - travel
Here: an ogre, wielding a +0 giant spiked club (moderately wounded, poisoned)
The floor.
Roll where?
Press: ? - help, Dir - move target, f/p - ogre
Aim: an ogre, wielding a +0 giant spiked club (moderately wounded, poisoned)
You roll forward with a clatter of scales!
You hit the ogre but do no damage.
Your weapon exudes an aura of protection.
The ogre is moderately wounded.
The ogre barely misses you.
You sock the ogre!
The ogre is almost dead.
The ogre hits you with a +0 giant spiked club!
* * * LOW HITPOINT WARNING * * *
You hit the ogre.
The ogre is almost dead.
The ogre hits you with a +0 giant spiked club!!
You die...

..##.#........##....#
###..........##..### .###
#.oo........##..#
!#...###..........##..##########
..#.y##.########.##........)...
.y.###.# ###..))[...########
..#####..#####.(.##)##..########
######..##..O.(####.##.....O†.).
...........##### ##.##.##..#####
............######.....###....
###...........O@.........####...
....##############.#.....# ..
###. #.##....# . #. .
######.##....##.# . #
#########.)...........>.#
######.........####.########...
.......######### #..# ##
######## ..... ## ## #.###.# ..
.# #.## ##. ## .# .##
###...#####.. .#


You could see an ogre (poisoned).

Vanquished Creatures
  A sky beast (D:6)
  An orc warrior (D:6)
  A black bear (D:4)
  2 phantoms
  2 scorpions (D:5)
  2 water moccasin skeletons
  2 howler monkeys (D:6)
  2 hounds
  A centaur zombie (D:4)
  A centaur skeleton (D:5)
  An orc priest (D:6)
  3 orc wizards
  A killer bee zombie (D:6)
  A hound skeleton (D:5)
  11 gnolls
  6 adders
  An ufetubus (D:5)
  2 adder skeletons
  3 worms
  2 dart slugs
  9 orcs
  12 ball pythons
  8 endoplasms
  5 giant cockroaches
  4 goblins
  10 hobgoblins
  4 jackals (D:1)
  4 kobolds
  5 quokkas
  6 bats
  2 frilled lizards
  A quokka skeleton (D:4)
  5 rats (D:1)
121 creatures vanquished.

Notes
Turn   | Place    | Note
-------+----------+-------------------------------------------
     0 | Abyss:1  | grimtooth the Palentonga Abyssal Knight began the quest for
                  | the Orb.
     0 | Abyss:1  | Reached XP level 1. HP: 19/19 MP: 2/2
   142 | Abyss:1  | Noticed a thrashing horror
   143 | D:1      | Escaped the Abyss
   204 | D:1      | Found a faded altar of an unknown god.
   214 | D:1      | Reached * piety under Lugonu
   221 | D:1      | Reached XP level 2. HP: 23/25 MP: 3/3
   538 | D:1      | Reached XP level 3. HP: 27/31 MP: 4/4
   842 | D:2      | Reached skill level 3 in Maces & Flails
   904 | D:2      | Reached ** piety under Lugonu
   924 | D:2      | Reached XP level 4. HP: 12/39 MP: 5/5
  1494 | D:2      | - how many gnolls
  2004 | D:1      | Reached XP level 5. HP: 33/46 MP: 6/6
  2008 | D:1      | Reached skill level 4 in Maces & Flails
  2801 | D:3      | Reached skill level 5 in Fighting
  2953 | D:3      | Reached XP level 6. HP: 44/54 MP: 7/7
  3167 | D:4      | Reached *** piety under Lugonu
  3247 | D:4      | Reached skill level 5 in Maces & Flails
  3700 | D:4      | Gained mutation: You curl defensively after being hit.
                  | [Palentonga growth]
  3700 | D:4      | Reached XP level 7. HP: 49/62 MP: 8/8
  3804 | D:5      | Entered Level 5 of the Dungeon
  3827 | D:5      | Reached skill level 6 in Maces & Flails
  4229 | D:5      | Found Cefimuuk's Assorted Antiques.
  4238 | D:5      | Bought a white potion for 18 gold pieces
  4238 | D:5      | Bought a scroll labelled UPPUXERULU for 20 gold pieces
  4238 | D:5      | Bought a smoky red potion for 18 gold pieces
  4238 | D:5      | Bought a scroll labelled JIXUDIUPOWOCK for 20 gold pieces
  4470 | D:5      | Found a hazy altar of Hepliaklqana.
  4470 | D:5      | Found a burning altar of Makhleb.
  4471 | D:5      | Found a sacrificial altar of Ru.
  5153 | D:6      | Noticed a hornet
  5281 | D:6      | Reached skill level 7 in Maces & Flails
  5281 | D:6      | Reached XP level 8. HP: 54/68 MP: 11/11
  5304 | D:6      | Reached skill level 5 in Invocations
  5347 | D:6      | Slain by an ogre

Illustrated notes

.. #........... #. #...........
.##........... ..#.........S.
#.#........... #.#...........
#.#.# ........ #####
##...##....##..
########...###..###.... ##..
#............<........###...
#........##@.........##.....
#.......#.g.................
#.......#g##........##.##...
#.......gg..........#...#...
#######.###.###..##.....)...
####...............#.....
########..S....##...............
#.........###..##........##.....
#............................###
#...........#####....)....#..##.
#.......###.# #..........†....


Turn 1494 on D:2: - how many gnolls

Levels and vault maps discovered:
D:1:      dpeg_arrival_prison, layout_rooms, ebering_ecumenical_altar_mist
D:2:      layout_rooms, minmay_misc_feat_rows, minmay_misc_feat_columns
D:3:      layout_basic
D:4:      layout_cave_pools
D:5:      layout_basic, gammafunk_temple_overflow_claw, serial_shops,
          nicolae_shop_statue_plus
D:6:      layout_rooms, gammafunk_ghost_hive, ebering_dispersal_statue_hall,
          uniq_maggie

Skill      XL: |  1  2  3  4  5  6  7  8 |
---------------+-------------------------+-----
Maces & Flails | 3 4 5 7 |  7.4
Fighting       | 4 5 6 |  6.0
Invocations    | 4 5 |  5.4
Armour         | |  1.5
Dodging        | |  0.7

Action                   |  1- 3 |  4- 6 |  7- 9 || total
-------------------------+-------+-------+-------++-------
Melee: Mace              |    89 |    70 |       ||   159
       Tailslap          |     8 |    17 |    24 ||    49
       Flail             |       |   101 |   157 ||   258
Throw: Dart              |       |       |    19 ||    19
Invok: Depart the Abyss  |     1 |       |       ||     1
       Bend Space        |       |     4 |     8 ||    12
 Abil: Rolling Charge    |    21 |    47 |    18 ||    86
Evoke: Wand              |       |       |     5 ||     5
  Use: Scroll            |       |       |     6 ||     6
       Potion            |       |       |     1 ||     1
Armor: Leather armour    |    16 |       |       ||    16
       Ring mail         |    17 |    75 |    85 ||   177
Dodge: Dodged            |    39 |    64 |    77 ||   180
